 Dungeon Crawl Stone Soup version 0.31-a0-626-g8143ab4f1d (webtiles) character file.

Game seed: 10033646713929976000

938 spiderkeys the Changeling (level 8, -2/54 HPs)
             Began as an Octopode Shapeshifter on Aug 24, 2023.
             Was an Initiate of Gozag.
             Splashed by a jelly's acid (7 damage)
             ... on level 5 of the Dungeon.
             The game lasted 00:06:32 (4179 turns).

spiderkeys the Changeling (Octopode Shapeshifter)   Turns: 4179, Time: 00:06:33

Health: -2/54      AC: -3    Str: 13    XL:     8   Next: 12%
Magic:  8/8        EV: 14    Int: 17    God:    Gozag
Gold:   148        SH:  0    Dex: 12    Spells: 7/7 levels left

rFire   . . .        g - +9 hammer of the Grand God {venom, Str-3 Int+6}
rCold   . . .        (no shield)
rNeg    . . .        (helmet currently unavailable)
rPois   .            (no amulet)
rElec   .            (no ring)
rCorr   .            (no ring)
SInv    .            (no ring)
Will    .....        (no ring)
Stlth   ++           (no ring)
HPRegen 0.29/turn    (no ring)
MPRegen 0.11/turn    (no ring)
                     (no ring)

%: no passive effects
@: beast-form, corroded
A: beast (slay +2), almost no armour, amphibious, 8 rings, camouflage 1,
gelatinous body 1, (nimble swimmer 1), tentacles
a: Begin Untransformation, Renounce Religion, Potion Petition, Call Merchant,
Bribe Branch


You were on level 5 of the Dungeon.
You worshipped Gozag.
Gozag was aware of your devotion.
You were a hulking beast.
You visited 2 branches of the dungeon, and saw 6 of its levels.

You collected 211 gold pieces.
You paid 63 gold pieces to Gozag.


Innate Abilities, Weirdness & Mutations

You are a hulking beast.
Your limbs bulge with bestial killing power. (Slay +2)
You cannot wear most types of armour.
You are amphibious.
You can wear up to eight rings at the same time.
Your skin changes colour to match your surroundings (Stealth+).
Your rubbery body absorbs attacks. (AC +1, EV +1)
((You are camouflaged when in or above water. (Stealth+)))
You have tentacles for arms and can constrict up to eight enemies at once.


   Skills:
 + Level 4.4 Fighting
 + Level 3.3 Maces & Flails
 + Level 4.9 Dodging
 - Level 4.0 Unarmed Combat
 + Level 5.0 Shapeshifting


You had 7 spell levels left.
You didn't know any spells.
Your spell library was empty.

Inventory:

Hand Weapons
 g - the +9 hammer of the Grand God (weapon) {venom, Str-3 Int+6}
   (You found it on level 2 of the Dungeon)

   Str-3:     It affects your strength (-3).
   Int+6:     It affects your intelligence (+6).
Missiles
 f - 30 stones
 h - 6 boomerangs
 q - 4 poisoned darts
Magical Staves
 t - a staff of poison {!a}
   (You found it on level 5 of the Dungeon)
Talismans
 b - a beast talisman (active)
 c - a flux talisman
Scrolls
 d - 5 scrolls of teleportation {@r4}
 e - 4 scrolls of identify {@r1}
 j - 2 scrolls of revelation {unknown}
 k - 2 scrolls of immolation {unknown}
 m - 3 scrolls of enchant weapon {unknown}
 n - a scroll of noise {unknown}
 o - a scroll of fog {unknown}
 p - a scroll of blinking {unknown}
Potions
 a - 2 potions of lignification {!q}
 i - a potion of curing {@q1}
 l - a potion of might
 r - a potion of attraction {unknown}

Dungeon Overview and Level Annotations

Branches:
Dungeon (5/15) Zot: 25884  Temple (1/1) D:5 Zot: 5912

Altars:
Cheibriados
Dithmenos
Elyvilon
Fedhas
Gozag
Kikubaaqudgha
Makhleb
Nemelex Xobeh
Okawaru
Qazlal
Ru
Sif Muna
Trog
Uskayaw
Vehumet
Wu Jian
Xom
Yredelemnul
The Shining One

Shops:
D:1 ( D:3

: ######
.....####
###+##.....#
...........####
.........Jh'..#
.......$...##.#
..###..$#####.#
###.# #.# #.. #.#
..# #.# #.# #.#
..#.###.#########
#.........(.....+


You could see a jelly.


Message History

You feel better.
The water moccasin closely misses you. 😮 HP[+7]
You regained 7 hp, and now have 36/48 hp.
You closely miss the water moccasin. Your grab misses the water moccasin.
The water moccasin barely misses you. The water moccasin bites you.
You are poisoned.
The water moccasin poisons you! 😮 HP[-1]
You take 1 damage, and now have 35/48 hp.
You barely miss the water moccasin. You grab the water moccasin.
You constrict the water moccasin.
You feel very sick. The water moccasin bites you!
* * * LOW HITPOINT WARNING * * *
The water moccasin bites you.
* * * LOW HITPOINT WARNING * * *
😨 HP[-16]
You take 16 damage, and now have 19/48 hp.
MASSIVE DAMAGE!! (PAUSE)
You sock the water moccasin! You constrict the water moccasin.
You feel sick. The water moccasin closely misses you.
The water moccasin bites you.
* * * LOW HITPOINT WARNING * * *
😨 HP[-5]
You take 5 damage, and now have 14/48 hp.
You hit the water moccasin. Your squeeze misses the water moccasin.
You constrict the water moccasin.
You feel sick.
The water moccasin completely misses you. 😨 HP[-1]
You take 1 damage, and now have 13/48 hp.
You sock the water moccasin!
You kill the water moccasin!
You feel sick.
Your Maces & Flails skill increases to level 3!
Your Shapeshifting skill increases to level 5!
You have reached level 8! 😨 HP[+1] MP[+1]
You now have 54 max hp (+6).
Your mp is fully restored (8).
You feel sick.
You feel sick.
You feel sick.
You feel sick.
You are no longer poisoned.
You hear a distant slurping noise.
A jelly comes into view. 😨 HP[+6]
You regained 6 hp, and now have 20/54 hp.
A jelly is nearby!
A jelly is nearby!
You now have 148 gold pieces (gained 5). 😨 HP[+1]
You open the door.
A hound comes into view.
There is an open door here. 😨 HP[+1]
The hound barks!
The hound bites you.
* * * LOW HITPOINT WARNING * * *
The hound closely misses you.
A hound comes into view. 😨 HP[-2]
You take 2 damage, and now have 20/54 hp.
The hound barks!
You sock the hound!
The hound looks as sick as possible!
Your grab misses the hound. The hound barely misses you.
The hound closely misses you. 😨 HP[+1]
You hit the hound.
You kill the hound!
The hound barely misses you. The hound bites you.
* * * LOW HITPOINT WARNING * * *
You see here 5 gold pieces. 😨 HP[-2]
You take 2 damage, and now have 19/54 hp.
You closely miss the hound. Your grab misses the hound.
The hound closely misses you. The hound bites you.
* * * LOW HITPOINT WARNING * * *
😨 HP[-5]
You take 5 damage, and now have 14/54 hp.
You barely miss the hound. Your grab misses the hound.
Your squeeze misses the hound. The hound bites you.
* * * LOW HITPOINT WARNING * * *
😱 HP[-5]
You take 5 damage, and now have 9/54 hp.
You closely miss the hound. Your grab misses the hound. The hound bites you.
* * * LOW HITPOINT WARNING * * *
The hound bites you.
* * * LOW HITPOINT WARNING * * *
😱 HP[-4]
You take 4 damage, and now have 5/54 hp.
You bludgeon the hound!!
You kill the hound! 😱 HP[+1] 😱 HP[+1]
You sock the jelly!
Your tentacles burn!
* * * LOW HITPOINT WARNING * * *
You squeeze the jelly! The jelly hits you.
* * * LOW HITPOINT WARNING * * *
The acid corrodes you!
You are splashed with acid!
You die...
Your body crumbles into a pile of gold.

Skill      XL: |  1  2  3  4  5  6  7 |
---------------+----------------------+-----
Fighting       | 2 3 4 |  4.4
Dodging        | 3 4 |  4.9
Unarmed Combat | 4 |  4.0
Shapeshifting  | 4 5 |  5.0
Maces & Flails | 2 3 |  3.3

Action                     |  1- 3 |  4- 6 |  7- 9 || total
---------------------------+-------+-------+-------++-------
  Melee: Unarmed           |    51 |    32 |       ||    83
         Constrict         |    14 |    17 |     5 ||    36
         Tentacles         |     8 |    15 |     9 ||    32
         Punch             |     1 |     1 |     2 ||     4
         Mace              |       |    48 |    39 ||    87
    Use: Scroll            |     1 |     1 |       ||     2
         Potion            |       |     4 |     3 ||     7
   Stab: Sleeping          |     2 |    12 |     5 ||    19
 Armour: Skin              |     7 |     9 |       ||    16
  Dodge: Dodged            |    35 |    55 |    27 ||   117

Levels and vault maps discovered:
D:1:      amcnicky_arrival_choice, layout_basic, serial_shops, shop
D:2:      layout_basic, basic_altar, nrook_loot_triangle, minivault_23,
          serial_bayou_ford_a, minmay_tromino_i4, uniq_crazy_yiuf_cottage,
          uniq_natasha
D:3:      layout_loops_ring, nicolae_overflow_hidden_temple, serial_glass,
          glass_columns_c, glass_columns_a, nicolae_shop_vocational
D:4:      layout_loops_ring, nicolae_ru_the_path_less_chosen,
          mainiacjoe_overflow_catwalk_spiral, uniq_eustachio
D:5:      layout_basic, minmay_temple_entry_fiery, serial_shops,
          nicolae_shop_statue_plus, uniq_pikel
Temple:   regret_index_temple_generic_petals

Notes
Turn   | Place    | Note
-------+----------+-------------------------------------------
     0 | D:1      | spiderkeys the Octopode Shapeshifter began the quest for
                  | the Orb.
     0 | D:1      | Reached XP level 1. HP: 13/13 MP: 1/1
     0 | D:1      | magus.rc [v1.11.6]
   174 | D:1      | Reached XP level 2. HP: 18/18 MP: 2/2
   236 | D:1      | Found Ditin's Weapon Shoppe.
   900 | D:2      | Reached XP level 3. HP: 23/23 MP: 3/3
   996 | D:2      | Noticed Natasha
  1005 | D:2      | Killed Natasha
  1006 | D:2      | Reached skill level 2 in Fighting
  1006 | D:2      | Reached XP level 4. HP: 17/29 MP: 4/4
  1196 | D:2      | Found a runed translucent door.
  1197 | D:2      | Noticed Crazy Yiuf
  1433 | D:2      | Noticed Natasha
  1442 | D:2      | Killed Natasha
  1443 | D:2      | Reached skill level 3 in Dodging
  1603 | D:2      | Found a hide-covered altar of Uskayaw.
  1627 | D:2      | Reached XP level 5. HP: 35/35 MP: 5/5
  1780 | D:2      | Killed Crazy Yiuf
  1829 | D:2      | Identified the +9 hammer of the Grand God {venom, Str-3
                  | Int+6}
  1856 | D:2      | Noticed Natasha
  1859 | D:2      | Killed Natasha
  1860 | D:2      | Reached skill level 4 in Unarmed Combat
  2011 | D:3      | Reached XP level 6. HP: 41/41 MP: 6/6
  2049 | D:3      | Found Fabaf's Vocational Training.
  2062 | D:3      | Reached skill level 4 in Shapeshifting
  2114 | D:3      | Reached skill level 1 in Maces & Flails
  2136 | D:3      | Reached skill level 3 in Fighting
  2713 | D:4      | Found a radiant altar of Vehumet.
  2714 | D:4      | Noticed Eustachio
  2717 | D:4      | Found a sparkling altar of Nemelex Xobeh.
  2724 | D:3      | Found a blossoming altar of Fedhas.
  2736 | D:4      | Killed Eustachio
  2737 | D:4      | Reached skill level 2 in Maces & Flails
  2737 | D:4      | Reached skill level 4 in Dodging
  2737 | D:4      | Reached XP level 7. HP: 36/46 MP: 7/7
  3267 | D:4      | Found a sacrificial altar of Ru.
  3447 | D:5      | Entered Level 5 of the Dungeon
  3639 | D:5      | Reached skill level 4 in Fighting
  3769 | D:5      | Found a staircase to the Ecumenical Temple.
  3892 | Temple   | Entered the Ecumenical Temple
  3941 | Temple   | Became a worshipper of Gozag Ym Sagoz the Greedy
  4116 | D:5      | HP: 11/48 [water moccasin (8)]
  4125 | D:5      | HP: 12/48 [poisoned by a water moccasin]
  4126 | D:5      | Reached skill level 3 in Maces & Flails
  4126 | D:5      | Reached skill level 5 in Shapeshifting
  4126 | D:5      | Reached XP level 8. HP: 14/54 MP: 8/8
  4173 | D:5      | HP: 9/54 [hound (5)]
  4179 | D:5      | HP: 6/54 [acid (1)]
  4179 | D:5      | Splashed by a jelly's acid

Vanquished Creatures
  Eustachio (D:4)
  2 water moccasins (D:5)
  A centaur (D:5)
  An ogre (D:5)
  A lemure (D:5)
  2 hounds (D:5)
  Crazy Yiuf (D:2)
  An iguana (D:4)
  2 orc priests
  Natasha (thrice) (D:2)
  8 adders
  A worm (D:4)
  4 dart slugs
  6 orcs
  6 bats
  6 endoplasms
  7 giant cockroaches
  9 goblins
  A hobgoblin (D:4)
  4 jackals (D:2)
  3 quokkas
  6 ball pythons
  3 frilled lizards
  7 kobolds
  3 rats
89 creatures vanquished.

Table legend:
 A = Non-vault XP
 B = Vault XP
 C = Vault XP percentage of total XP
 D = Non-vault monster count
 E = Vault monster count
 F = Vault count percentage of total count
                 A         B        C        D         E       F
            +---------+---------+-------+---------+---------+-------
      Total |    1052 |     288 |  21.5 |      82 |       6 |   6.8
            +---------+---------+-------+---------+---------+-------
        D:1 |      29 |       0 |   0.0 |      17 |       0 |   0.0
        D:2 |     171 |      86 |  33.5 |      25 |       5 |  16.7
        D:3 |     145 |       0 |   0.0 |      23 |       0 |   0.0
        D:4 |      70 |     202 |  74.3 |      10 |       1 |   9.1
        D:5 |     637 |       0 |   0.0 |       7 |       0 |   0.0
            +---------+---------+-------+---------+---------+-------

Skill      XL: |  1  2  3  4  5  6  7 |
---------------+----------------------+-----
Fighting       | 2 3 4 |  4.4
Dodging        | 3 4 |  4.9
Unarmed Combat | 4 |  4.0
Shapeshifting  | 4 5 |  5.0
Maces & Flails | 2 3 |  3.3

Action                     |  1- 3 |  4- 6 |  7- 9 || total
---------------------------+-------+-------+-------++-------
  Melee: Unarmed           |    51 |    32 |       ||    83
         Constrict         |    14 |    17 |     5 ||    36
         Tentacles         |     8 |    15 |     9 ||    32
         Punch             |     1 |     1 |     2 ||     4
         Mace              |       |    48 |    39 ||    87
    Use: Scroll            |     1 |     1 |       ||     2
         Potion            |       |     4 |     3 ||     7
   Stab: Sleeping          |     2 |    12 |     5 ||    19
 Armour: Skin              |     7 |     9 |       ||    16
  Dodge: Dodged            |    35 |    55 |    27 ||   117

Illustrated notes

Table legend:
 A = Kills in this place as a percentage of kills in the entire game.
 B = Kills by you in this place as a percentage of kills by you in the entire game.
 C = Kills by friends in this place as a percentage of kills by friends in the entire game.
 D = Other kills in this place as a percentage of other kills in the entire game.
 E = Experience gained in this place as a percentage of experience gained in the entire game.
 F = Experience gained in this place divided by the number of levels of this place that you have seen.
                   A       B       C       D       E      F
               +-------+-------+-------+-------+-------+----------------------
         Total | 100.0 | 100.0 |   N/A |   N/A | 100.0 | 223.3
       Dungeon | 100.0 | 100.0 |   N/A |   N/A | 100.0 | 268.0
               +-------+-------+-------+-------+-------+----------------------

Table legend: (Time is in decaauts)
 A = Elapsed time spent in this place.
 B = Non-inter-level travel time spent in this place.
 C = Inter-level travel time spent in this place.
 D = Time resting spent in this place.
 E = Time spent auto-exploring this place.
 F = Levels seen in this place.
 G = Mean time per level.
                   A        B        C        D        E       F      G
               +--------+--------+--------+--------+--------+-----+--------+
         Total |   4201 |   4010 |    191 |     19 |   3354 |   6 |  700.2 |
       Dungeon |   4113 |   3997 |    116 |     19 |   3345 |   5 |  822.6 |
        Temple |     87 |     12 |     75 |      0 |      9 |   1 |   87.0 |
               +--------+--------+--------+--------+--------+-----+--------+

Top non-repeatable levels by time:
     D:2: 1049 daAuts
     D:4: 819 daAuts
     D:1: 812 daAuts
     D:3: 781 daAuts
     D:5: 651 daAuts
  Temple: 87 daAuts
